 Dungeon Crawl Stone Soup version 0.24-a0-201-gf205589 (webtiles) character file.

Game seed: 352580221397030993

6745 nikopol the Thaumaturge (level 10, -2/53 HPs)
             Began as a Deep Elf Fire Elementalist on Mar 19, 2019.
             Was a Believer of Vehumet.
             Killed by the air
             ... invoked by Gastronok
              (30 damage)
             ... on level 1 of the Lair of Beasts.
             The game lasted 00:30:40 (9794 turns).

nikopol the Thaumaturge (DEFE)                      Turns: 9794, Time: 00:30:40

Health: -2/53      AC:  9    Str:  5    XL:     10   Next: 75%
Magic:  22/28      EV: 15    Int: 27    God:    Vehumet [**....]
Gold:   412        SH:  0    Dex: 15    Spells: 19/34 levels left

rFire    + . .     SeeInvis +   w - staff of wizardry
rCold    . . .     Gourm    +   (no shield)
rNeg     . . .     Faith    .   a - +1 robe
rPois    .         Spirit   .   p - +2 hat
rElec    .         Reflect  .   H - +0 cloak
rCorr    .         Harm     .   I - +2 pair of gloves "Vauvox" {rF+ Regen+}
MR       +....                  (no boots)
Stlth    +++.......             m - amulet of the gourmand
HPRegen  0.57/turn              r - +3 ring of intelligence
MPRegen  0.21/turn              n - ring of see invisible

@: no status effects
A: no striking features
a: Renounce Religion


You were on level 1 of the Lair of Beasts.
You worshipped Vehumet.
Vehumet was pleased with you.
You were completely stuffed.

You visited 3 branches of the dungeon, and saw 11 of its levels.
You also visited: Ossuary.

You collected 574 gold pieces.
You spent 162 gold pieces at shops.

Inventory:

Armour
 a - a +1 robe (worn)
 p - a +2 hat (worn)
 t - a +0 pair of gloves
 H - a +0 cloak (worn)
 I - the +2 pair of gloves "Vauvox" (worn) {rF+ Regen+}
   (You found it on level 1 of the Lair of Beasts)

   It protects you from fire.
   It increases your rate of regeneration.
Magical Staves
 w - an uncursed staff of wizardry (weapon)
Jewellery
 j - an uncursed ring of flight
 m - an amulet of the gourmand (around neck)
 n - a ring of see invisible (right hand)
 r - a +3 ring of intelligence (left hand)
 C - a +4 ring of protection
Wands
 o - a wand of digging (3)
 q - a wand of polymorph (10)
 G - a wand of disintegration (11)
Scrolls
 d - 3 scrolls of identify
 e - 2 scrolls of immolation
 f - a scroll of blinking
 g - 5 scrolls of remove curse
 k - 9 scrolls of teleportation
 l - 2 scrolls of fear
 u - 2 scrolls of amnesia
 v - 3 scrolls of fog
 y - 2 scrolls of vulnerability {unknown}
 D - a scroll of enchant armour
 F - a scroll of enchant weapon
 J - a scroll of summoning
Potions
 b - 2 potions of agility
 i - 2 potions of curing
 s - a potion of heal wounds
 x - a potion of berserk rage
 z - 3 potions of flight
 A - 2 potions of mutation
 B - 2 potions of lignification
 E - 2 potions of haste
Comestibles
 c - 17 rations


   Skills:
 + Level 1.9 Fighting
 + Level 5.0 Dodging
 + Level 5.1 Stealth
 + Level 12.8 Spellcasting
 + Level 8.7 Conjurations
 + Level 10.2 Fire Magic


You had 19 spell levels left.
You knew the following spells:

 Your Spells              Type           Power        Failure   Level  Hunger
a - Flame Tongue          Conj/Fire      #####        1%          1    None
b - Throw Flame           Conj/Fire      ######       1%          2    None
c - Conjure Flame         Conj/Fire      ######..     1%          3    None
d - Sticky Flame          Conj/Fire      ######..     1%          4    None
e - Fireball              Conj/Fire      ######....   1%          5    ##.....

Your spell library contained the following spells:

 Spells                   Type           Power        Failure   Level  Hunger
 Freeze                   Ice            ###.         1%          1    None
 Poisonous Vapours        Pois/Air       ###...       1%          2    None
 Inner Flame              Hex/Fire       #####...     1%          3    None
 Mephitic Cloud           Conj/Pois/Air  ####....     1%          3    None
 Freezing Cloud           Conj/Ice/Air   ####......   50%         6    #####..
 Ring of Flames           Chrm/Fire      #####.....   75%         7    ######.


Dungeon Overview and Level Annotations

Branches:
Dungeon (9/15)             Temple (1/1) D:6            Lair (1/6) D:8
    Orc: D:9-12

Altars:
Ashenzari
Cheibriados
Elyvilon
Fedhas
Gozag
Hepliaklqana
Kikubaaqudgha
Makhleb
Nemelex Xobeh
Okawaru
Qazlal
Ru
Sif Muna
Trog
Uskayaw
Vehumet
Wu Jian
Xom
Yredelemnul
Zin
The Shining One

Shops:
D:7 *   D:9 *

Annotations:
Lair:1 Gastronok


Message History

Aiming: Flame Tongue (safe; 1% risk of failure)
Press: ? - help, Shift-Dir - straight line, f/p - Gastronok
Aim: Gastronok, wearing a +0 hat of intelligence (lightly wounded, covered in liquid flames)
The flame tongue hits Gastronok but does no damage.
Gastronok is lightly wounded.
Gastronok burns!
Casting: Flame Tongue (safe; 1% risk of failure)
Confirm with . or Enter, or press ? or * to list all spells.
Aiming: Flame Tongue (safe; 1% risk of failure)
Press: ? - help, Shift-Dir - straight line, f/p - Gastronok
Aim: Gastronok, wearing a +0 hat of intelligence (moderately wounded, covered in liquid flames)
The flame tongue hits Gastronok but does no damage.
Gastronok is moderately wounded.
Gastronok burns!
Gastronok bites you!
Gastronok burns!
Gastronok burns!
Gastronok waves his eye-stalks in wide circles.
The air twists around and strikes you!
Ouch! That really hurt!
You die...

#...#.# #.##
###+##.#### #w#
#.........## #####'##
##.........# #.......
#........## #.......
#........####.#.......
##........'...#........
#........wP# ..+.......
#P#.#'@##### # #.......
#####.## #####..# #.#
#.## #.## #.## #..# ###
#..# ####..####.#
#####.## #.........##
#.......
#.........#####.......
#............##.......


You could see Gastronok (burning).

Vanquished Creatures
  A two-headed ogre (D:9)
  Maurice (D:9)
  A merfolk (D:9)
  3 hippogriffs
  6 yaks (D:9)
  A basilisk (Lair:1)
  2 hungry ghosts
  Edmund (D:5)
  3 orc warriors
  A porcupine (Lair:1)
  An ice beast (D:8)
  2 sky beasts
  2 phantoms
  An ogre (D:8)
  3 centaurs
  A big kobold (D:9)
  8 bullfrogs
  An elf zombie (D:6)
  A wyvern zombie (Ossuary)
  An elf skeleton (D:6)
  A water moccasin zombie (D:6)
  2 scorpions
  A water moccasin skeleton (D:8)
  3 wights (D:6)
  4 howler monkeys
  6 bullfrog zombies
  3 centaur zombies (Ossuary)
  2 jellies
  A quasit (D:9)
  A centaur skeleton (D:4)
  A hound (D:8)
  3 human skeletons (D:6)
  A human zombie (D:6)
  2 iguanas (D:6)
  Terence (D:3)
  4 orc wizards
  2 worker ants
  2 killer bee zombies (Ossuary)
  2 hound zombies
  A hound skeleton (D:8)
  13 mummies (Ossuary)
  A worker ant zombie (D:5)
  8 adders
  A shadow imp (D:5)
  An ooze (D:2)
  2 adder zombies (Ossuary)
  4 worms
  2 dart slugs
  2 leopard geckos
  20 orcs
  A ball python (D:3)
  6 giant cockroaches
  4 goblins
  5 hobgoblins
  8 jackals
  5 quokkas
  A ball python zombie (Ossuary)
  6 bats
  3 frilled lizards (D:2)
  A giant cockroach zombie (D:6)
  2 jackal zombies (Ossuary)
  11 kobolds
  A leopard gecko zombie (Ossuary)
  A quokka skeleton (D:4)
  6 rats
199 creatures vanquished.

Vanquished Creatures (others)
  A withered plant (Ossuary)
1 creature vanquished.

Grand Total: 200 creatures vanquished

Notes
Turn   | Place    | Note
-------+----------+-------------------------------------------
     0 | D:1      | nikopol the Deep Elf Fire Elementalist began the quest for
                  | the Orb.
     0 | D:1      | Reached XP level 1. HP: 10/10 MP: 6/6
   225 | D:1      | Reached XP level 2. HP: 15/15 MP: 5/8
   838 | D:2      | Reached XP level 3. HP: 19/19 MP: 2/9
   842 | D:2      | Learned a level 2 spell: Throw Flame
   846 | D:2      | Learned a level 3 spell: Conjure Flame
   982 | D:2      | Found a blossoming altar of Fedhas.
  1485 | D:3      | Found a white marble altar of Elyvilon.
  1494 | D:3      | Reached XP level 4. HP: 24/24 MP: 9/11
  1690 | D:3      | Noticed Terence
  1711 | D:3      | Killed Terence
  1822 | D:3      | Reached skill level 4 in Spellcasting
  2351 | D:4      | Found a hazy altar of Hepliaklqana.
  2487 | D:4      | Reached XP level 5. HP: 20/28 MP: 6/13
  2734 | D:4      | Reached skill level 5 in Fire Magic
  3355 | D:5      | Entered Level 5 of the Dungeon
  3358 | D:5      | Reached XP level 6. HP: 29/32 MP: 11/15
  3364 | D:5      | Learned a level 4 spell: Sticky Flame
  3558 | D:5      | Noticed Edmund
  3575 | D:5      | Killed Edmund
  3575 | D:5      | Reached skill level 5 in Spellcasting
  3659 | D:5      | Reached XP level 7. HP: 33/36 MP: 12/17
  4144 | D:6      | Reached skill level 6 in Spellcasting
  4144 | D:6      | Reached skill level 5 in Conjurations
  4223 | D:6      | Found a sand-covered staircase.
  4354 | Ossuary  | Entered an ossuary
  4436 | Ossuary  | Reached XP level 8. HP: 30/41 MP: 9/20
  4493 | Ossuary  | Reached skill level 7 in Spellcasting
  5018 | Ossuary  | Reached skill level 8 in Spellcasting
  5489 | D:6      | Reached skill level 9 in Spellcasting
  5734 | D:6      | Found a staircase to the Ecumenical Temple.
  5742 | Temple   | Entered the Ecumenical Temple
  5816 | Temple   | Became a worshipper of Vehumet
  6048 | D:6      | Reached XP level 9. HP: 46/46 MP: 18/24
  6065 | D:6      | Found a burning altar of Makhleb.
  6529 | D:6      | Found a glowing golden altar of the Shining One.
  6565 | D:7      | Found a sparkling altar of Nemelex Xobeh.
  6818 | D:7      | Reached skill level 1 in Fighting
  6821 | D:7      | Found Ibloal's Assorted Antiques.
  6828 | D:7      | Bought a scroll of teleportation for 81 gold pieces
  6828 | D:7      | Bought a scroll of teleportation for 81 gold pieces
  7186 | D:8      | Reached skill level 10 in Spellcasting
  7285 | D:8      | Learned a level 5 spell: Fireball
  7384 | D:8      | Reached * piety under Vehumet
  7384 | D:8      | Offered knowledge of Magic Dart by Vehumet.
  7479 | D:8      | Found a staircase to the Lair.
  7835 | D:8      | Reached skill level 5 in Stealth
  8054 | D:8      | Reached skill level 11 in Spellcasting
  8173 | D:9      | Noticed Maurice
  8179 | D:9      | Reached XP level 10. HP: 51/53 MP: 11/27
  8310 | D:9      | Found Zosoopt's Demolitions Depot.
  8446 | D:9      | Reached skill level 5 in Dodging
  8664 | D:9      | Offered knowledge of Freeze by Vehumet.
  8752 | D:9      | Killed Maurice
  8752 | D:9      | Reached skill level 12 in Spellcasting
  8914 | D:9      | Noticed a two-headed ogre
  8927 | D:9      | Reached ** piety under Vehumet
  8931 | D:9      | Killed a two-headed ogre
  8931 | D:9      | Reached skill level 10 in Fire Magic
  9025 | Lair:1   | Entered Level 1 of the Lair of Beasts
  9296 | Lair:1   | Got a pair of spiked gloves
  9307 | Lair:1   | Identified the +2 pair of gloves "Vauvox" {rF+ Regen+} (You
                  | found it on level 1 of the Lair of Beasts)
  9363 | Lair:1   | Noticed Gastronok
  9794 | Lair:1   | Killed from afar by Gastronok

Levels and vault maps discovered:
D:1:      dpeg_arrival_central, layout_basic
D:2:      layout_rooms, fedhas_altar_3
D:3:      layout_basic, elyvilon_altar_1, wad_floor_pattern_untrapped,
          uniq_terence
D:4:      layout_basic, overflow_temple_1_default, serial_curves,
          eino_curves_03, eino_curves_04
D:5:      layout_rooms, first_ration, serial_glass, glass_columns_a,
          glass_columns_a, amethyst_killhole, wad_rectangle_vault, uniq_edmund
D:6:      layout_basic, amethyst_overflow_temple_binary,
          minmay_temple_entry_ruins, serial_corexii_hall,
          corexii_hall_statues_s, corexii_hall_statues_i,
          nicolae_ossuary_entry_catacombs, minivault_5
D:7:      layout_loops_ring, lemuel_round_altar, serial_shops, shop
D:8:      layout_cave_pods, dpeg_oklobed_lair
D:9:      layout_roguey, serial_corexii_hall, chequers_hall_statues_corner_a,
          chequers_hall_statues_corner_a, hangedman_fish_farm,
          nicolae_blasting_shop, uniq_maurice
Temple:   nicolae_temple_elliptical
Lair:1:   layout_roguey, grunt_megastairs_4, serial_bayou_shore_b,
          uniq_gastronok
Ossuary:  ossuary_zaba_flooded

Skill      XL: |  1  2  3  4  5  6  7  8  9 10 |
---------------+-------------------------------+-----
Fire Magic     | 4 5 6 7 9 10 | 10.2
Conjurations   | 2 3 4 5 6 7 8 |  8.7
Spellcasting   | 4 5 6 9 11 12 | 12.8
Stealth        | 3 4 5 |  5.1
Dodging        | 3 4 5 |  5.0
Fighting       | 1 |  1.9

Action                   |  1- 3 |  4- 6 |  7- 9 | 10-12 || total
-------------------------+-------+-------+-------+-------++-------
Melee: Unarmed           |     1 |       |       |       ||     1
       Staff             |       |       |     8 |     1 ||     9
 Cast: Flame Tongue      |    77 |    75 |   309 |    76 ||   537
       Throw Flame       |       |     1 |     4 |    11 ||    16
       Conjure Flame     |       |     1 |     3 |     4 ||     8
       Sticky Flame      |       |     2 |    22 |     5 ||    29
       Fireball          |       |       |     2 |     8 ||    10
  Use: Scroll            |       |       |    20 |     1 ||    21
  Eat: Chunk             |     1 |     7 |    23 |     5 ||    36
       Ration            |       |       |     2 |       ||     2
Armor: Robe              |     9 |     1 |    46 |     6 ||    62
Dodge: Dodged            |    19 |    14 |   123 |    22 ||   178

Table legend:
 A = Non-vault XP
 B = Vault XP
 C = Vault XP percentage of total XP
 D = Non-vault monster count
 E = Vault monster count
 F = Vault count percentage of total count
                 A         B        C        D         E       F
            +---------+---------+-------+---------+---------+-------
      Total |    7430 |    2207 |  22.9 |     155 |      44 |  22.1
            +---------+---------+-------+---------+---------+-------
        D:1 |      31 |       0 |   0.0 |      17 |       0 |   0.0
        D:2 |      62 |       0 |   0.0 |      23 |       0 |   0.0
        D:3 |      46 |      36 |  43.9 |      13 |       1 |   7.1
        D:4 |     175 |       0 |   0.0 |      12 |       0 |   0.0
        D:5 |     326 |     186 |  36.3 |      11 |       3 |  21.4
        D:6 |    1098 |     323 |  22.7 |      22 |       6 |  21.4
        D:7 |     259 |       0 |   0.0 |       6 |       0 |   0.0
        D:8 |    1658 |       0 |   0.0 |      25 |       0 |   0.0
        D:9 |    3086 |     738 |  19.3 |      22 |       2 |   8.3
     Lair:1 |     689 |      88 |  11.3 |       4 |       1 |  20.0
    Ossuary |       0 |     836 | 100.0 |       0 |      31 | 100.0
            +---------+---------+-------+---------+---------+-------
